Map: Cactus Valley LE (Void)

Players

YogSottoth

  • Race: Zerg Zerg
  • League: Diamond
  • Spawn Location: 11:00

Musumeci - Winner!

  • Race: Zerg Zerg
  • League: Diamond
  • Spawn Location: 7:00

VOD

Have the link to the VOD?

Description

Time

  • Played on: March 24, 2017, 5:35 a.m.
  • Length: 4:36
Show
View Real Time Build Order
Export as new Build Order

YogSottoth Zerg 

Build Orders: Hatch First 

Get SALT Encoding   

  12  0:01  Drone  
  13  0:08  Drone  
  14  0:18  Overlord  
  14  0:27  Extractor  
  13  0:29  Drone, Extractor  
  13  0:30  Drone  
  16  0:36  Drone  
  17  0:57  Hatchery, Drone  
  17  1:01  Extractor  
  17  1:02  Drone  
  17  1:17  Spawning Pool  
  16  1:20  Drone  
  16  1:24  Drone  
  18  1:28  Drone  
  19  1:38  Overlord  
  19  1:54  Drone  
  19  1:59  Drone  
  21  2:03  Metabolic Boost  
  21  2:04  Queen  
  23  2:10  Queen  
  23  2:14  Zergling x2  
  26  2:18  Zergling x2  
  27  2:23  Drone  
  27  2:24  Drone  
  29  2:32  Baneling Nest  
  29  2:36  Drone x2  
  30  2:42  Drone x2  
  32  3:02  Drone x2  
  32  3:03  Drone  
  32  3:04  Drone  
  36  3:16  Overlord x2, Extractor  
  36  3:17  Queen, Extractor  
  36  3:27  Lair  
  36  3:30  Drone, Extractor  
  36  3:39  Drone  
  36  3:40  Drone x3  
  36  3:41  Drone x2  
  42  3:54  Drone x2  
  44  4:11  Overlord  
  44  4:12  Overlord x5  
Show
View Real Time Build Order
Export as new Build Order

Musumeci Zerg - Winner!

Build Orders: Hatch First 

Get SALT Encoding   

  12  0:01  Drone  
  13  0:14  Drone  
  14  0:20  Drone, Extractor  
  15  0:27  Overlord  
  15  0:46  Drone x2  
  15  0:48  Drone  
  18  1:00  Hatchery  
  18  1:03  Drone  
  18  1:16  Spawning Pool  
  18  1:18  Extractor  
  16  1:35  Drone x3  
  19  1:46  Overlord  
  19  2:08  Queen  
  19  2:11  Zergling x2  
  19  2:13  Queen  
  24  2:15  Drone  
  24  2:18  Drone  
  24  2:20  Metabolic Boost  
  26  2:24  Drone  
  26  2:29  Drone  
  28  2:36  Drone  
  29  2:41  Baneling Nest  
  28  2:45  Queen  
  30  2:57  Overlord  
  30  2:59  Zergling x6  
  33  3:10  Overlord  
  33  3:15  Zergling x2  
  33  3:16  Zergling x2  
  35  3:30  Baneling  
  35  3:32  Baneling  
  35  3:47  Zergling x2  
  35  3:48  Zergling x12  
  42  4:08  Zergling x4  
  44  4:10  Overlord  
  43  4:29  Hatchery  
Tags
 
Add a new tag
Caveats
  • Supply blocks, unpowered buildings, or Contaminate may cause inaccurate times.
  • Supply counts are checked every 10 seconds.